[Event "Early-Titled-Tuesday-Blitz-May-28-2024"]
[Site "Chess.com"]
[Date "2024.05.28"]
[Round "8"]
[White "GrotBchess"]
[Black "Qvalda"]
[Result "1-0"]
[WhiteElo "2580"]
[BlackElo "2404"]
[TimeControl "180+1"]
[EndTime "9:31:32 PDT"]
[Termination "GrotBchess won on time"]

1. e4 d5 2. exd5 Qxd5 3. Nf3 Bg4 4. Be2 Nc6 5. h3 Bxf3 6. Bxf3 Qe6+ 7. Qe2 Nd4 8. Qxe6 Nxf3+ 9. gxf3 fxe6 10. d3 g6 11. Bd2 Bg7 12. Bc3 Bxc3+ 13. Nxc3 Nh6 14. O-O-O Nf5 15.
Rde1 Kf7 16. Ne4 Ng7 17. Ng5+ Kf6 18. h4 h6 19. Ne4+ Kf7 20. Nc5 b6 21. Nd7 Nf5 22.
Ne5+ Kf6 23. Re4 g5 24. hxg5+ hxg5 25. Rhe1 Ng7 26. f4 gxf4 27. Rxf4+ Nf5 28. Ng4+ Kf7 29. Rfe4 Ng7 30. Ne5+ Kf6 31. Rg1 Nh5 32. Ng4+ Kf7 33.
Rge1 Ng7 34. a4 Rag8 35. Ne5+ Ke8 36. Nc6 a5 37. Nd4 Kd7 38. Nxe6 Nxe6 39. Rxe6 Rg7 40. f4 Rh4 41. R6e4 Rh2 42. R1e2 Rg1+ 43. Kd2 Rxe2+ 44. Rxe2 Rf1 45. Re4 Rf2+ 46. Kc3 Kd6 47. b3 e6 48.
Rd4+ Kc6 49. Rc4+ Kd6 50. b4 axb4+ 51. Kxb4 Kd7 52. a5 bxa5+ 53. Kxa5 Kd6 54. Kb5 Rf1 55. Rc6+ Kd7 56. Rc4 Kd6 57. Rd4+ Ke7 58. Kc6 Rc1 59. c4 Re1 60. Kxc7 Ra1 61. c5 Rb1 62. c6 Rb2 63. Kc8 Rb3 64. c7 Rb2 65. Rd7+ Ke8 66. Rh7 Rb3 67. d4 Rb5 68. Rh6 Ke7 69. Rh2 Rb4 70. Rd2 Ke8 71. d5 exd5 72. Rxd5 Rxf4 73.
Kb7 Rb4+ 74. Kc6 Rc4+ 75. Kb7 Rb4+ 76. Kc8 Rb1 77. Re5+ Kf7 78. Kd7 Rd1+ 79. Kc6 Rc1+ 80. Rc5 Ra1 81. c8=Q Ra6+ 82. Qxa6 1-0

[Event "Early-Titled-Tuesday-Blitz-May-28-2024"]
[Site "Chess.com"]
[Date "2024.05.28"]
[Round "8"]
[White "DrCeltic"]
[Black "Masterbeaterr"]
[Result "1-0"]
[WhiteElo "2595"]
[BlackElo "2476"]
[TimeControl "180+1"]
[EndTime "9:31:34 PDT"]
[Termination "DrCeltic won by resignation"]

1. e4 e5 2. Nf3 Nc6 3. Bb5 a6 4. Ba4 Nf6 5. O-O Nxe4 6. d4 b5 7. Bb3 d5 8. dxe5 Be6 9. Be3 Be7 10. c3 O-O 11. Nbd2 Nc5 12. Bc2 Qd7 13. b4 Nb7 14. a4 Bg4 15. Qb1 g6 16. h3 Be6 17. Re1 f5 18. Bg5 Bxg5 19. Nxg5 Ne7 20. Bb3 c5 21. Nxe6 Qxe6 22. bxc5 Nxc5 23. axb5 axb5 24.
Ba2 Na4 25. Qd3 Rac8 26. Rac1 Qc6 27. Nf3 Nb2 28. Qe2 Nc4 29. Nd4 Qb6 30. Rb1 Rc5 31.
Bxc4 dxc4 32. e6 Qa5 33. Qe3 Nd5 34. Qe5 Qc7 35. e7 Re8 36. Qe6+ Kg7 37. Nxb5 Qxe7 38. Nd4 Qxe6 39. Nxe6+ Rxe6 40. Rxe6 Nxc3 41. Rb7+ Kh6 42. h4 Kh5 43. Rxh7+ Kg4 44. f3+ Kf4 45. Rxg6 Rd5 46. Rf7 Ne2+ 47. Kh2 c3 48. Rc6 Rd2 49.
Rfc7 Ke3 50. Rxc3+ Nxc3 51. Rxc3+ Kf4 52. Rc4+ Ke5 53.
Kg3 Kf6 54. Rc6+ Ke5 55. h5 Rd1 56. f4+ Ke4 57. Re6+ Kd5 58. Re5+ Kd6 59. Rxf5 Rd3+ 60. Kg4 Ke6 61. Re5+ Kf6 62. g3 Ra3 63. Rb5 Kg7 64.
Rb7+ Kf6 65. Rb6+ Kg7 66. h6+ Kh7 67. Kh4 Ra1 68. Kg5 Ra5+ 69. f5 Ra4 70. Rb7+ Kh8 71.
g4 Ra6 72. f6 Rc6 73. Kg6 Rc8 74. Rh7+ Kg8 75. f7+ Kf8 76. Rh8+ Ke7 77. Rxc8 1-0

[Event "Early-Titled-Tuesday-Blitz-May-28-2024"]
[Site "Chess.com"]
[Date "2024.05.28"]
[Round "8"]
[White "shimastream"]
[Black "scarabee43"]
[Result "1/2-1/2"]
[WhiteElo "3029"]
[BlackElo "2839"]
[TimeControl "180+1"]
[EndTime "9:31:39 PDT"]
[Termination "Game drawn by repetition"]

1. e4 c5 2. d4 cxd4 3. Qxd4 Nc6 4. Qd3 g6 5. Nc3 Bg7 6. Nf3 Nf6 7. Be2 O-O 8. O-O d6 9. Nd5 Bg4 10. c3 Rc8 11.
Bg5 Nd7 12. Rad1 Nc5 13. Qe3 Qd7 14. b4 Ne6 15. b5 Nxg5 16. Qxg5 Bxf3 17. bxc6 bxc6 18.
Nxe7+ Kh8 19. Bxf3 Rce8 20. e5 Rxe7 21. Rxd6 Qc7 22.
Rxc6 Qxe5 23. Qxe5 Rxe5 24. g3 Ra5 25. Rb1 Rxa2 26. Rb7 Rc2 27. Rbc7 a5 28. Bd5 a4 29. Bxf7 a3 30. Ra6 Bd4 31. Rd7 Bxf2+ 32. Kg2 Bc5+ 33.
Kh3 Rxc3 34. Rc7 Bb4 35. Rxc3 Bxc3 36. Rxa3 Rxf7 37. Rxc3 Kg7 38. Kg2 h5 39. Rd3 Rf6 40. Rc3 Kh6 41. Rd3 Rf5 42. Rc3 Rf6 43. Rc5 Kg7 44. Kh3 Rf2 45. g4 hxg4+ 46. Kg3 Ra2 47. Rc4 Kh6 48. Rxg4 Kh5 49. Rh4+ Kg5 50. Rg4+ Kf5 51.
Rf4+ Kg5 52. Rg4+ Kf5 53. Rf4+ Kg5 54. h4+ Kh5 55. Rf3 Ra4 56. Rf8 Rg4+ 57. Kf3 Kxh4 58. Rg8 Rg1 59. Kf2 Rg3 60. Rh8+ Kg4 61. Ra8 Rb3 62.
Ra5 Rb2+ 63. Kg1 g5 64. Ra3 Kh4 65. Rc3 g4 66. Rd3 Kg5 67. Rc3 Kf4 68. Ra3 Rd2 69. Rb3 Re2 70. Ra3 Kg5 71. Rb3 Kf4 72. Ra3 g3 73. Ra8 Kg4 74. Rg8+ Kf3 75. Rf8+ Kg4 76. Rg8+ Kh3 77. Rh8+ Kg4 78. Rg8+ 1/2-1/2

[Event "Early-Titled-Tuesday-Blitz-May-28-2024"]
[Site "Chess.com"]
[Date "2024.05.28"]
[Round "8"]
[White "MathiasWomacka"]
[Black "GMthekingindian"]
[Result "1/2-1/2"]
[WhiteElo "2505"]
[BlackElo "2354"]
[TimeControl "180+1"]
[EndTime "9:31:39 PDT"]
[Termination "Game drawn - insufficient material"]

1. e4 c5 2. Nf3 e6 3. d4 cxd4 4. Nxd4 Nf6 5. Nc3 Nc6 6. Ndb5 Bb4 7. a3 Bxc3+ 8. Nxc3 d5 9. exd5 exd5 10. Bd3 O-O 11.
O-O Bg4 12. f3 Bh5 13. Bg5 Qb6+ 14. Kh1 Ne4 15. Nxe4 dxe4 16. Bxe4 Qxb2 17. Qd6 Bg6 18. Rab1 Qd4 19. Qxd4 Nxd4 20. Bxb7 Rab8 21. Bf4 Rbd8 22. Rb4 Nxc2 23. Ra4 Rd3 24. Rxa7 Rxa3 25. Rxa3 Nxa3 26. Bd6 Nb5 27. Bxf8 Kxf8 28. Rd1 Ke7 29. g4 Nc7 30.
Kg2 Ne6 31. Kg3 h5 32. Bc6 hxg4 33. fxg4 f5 34. Rd7+ Kf6 35. Bd5 fxg4 36. Bxe6 Kxe6 37. Rxg7 Kf6 38. Ra7 Bf5 39. Kf4 Be6 40. Ra6 Kf7 41. Kg5 Ke7 42. Ra7+ Kd6 43. Kf6 Bd7 44.
Ra1 Bc6 45. Rd1+ Kc5 46. Kg5 Bf3 47. Rd2 Kc4 48. h4 gxh3 49. Kf4 Bd5 50. Kg3 Kc5 51. Kxh3 Bc4 52. Kg3 Kb4 53. Kf4 Kc3 54. Rd6 Ba2 55. Ke3 Kb2 56. Rc6 Ka1 57. Rb6 Bb1 58.
Kd2 Ba2 59. Kc3 Bb1 60. Kb3 Ba2+ 61. Ka3 Bb1 62. Rd6 Ba2 63. Rd2 Bb1 64. Rf2 Bd3 65. Kb3 Bb1 66. Kc3 Ba2 67. Re2 Bb1 68. Re5 Ba2 69.
Rb5 Bb1 70. Ra5+ Ba2 71. Re5 Bb1 72. Re2 Ba2 73. Kc2 Bb1+ 74. Kb3 Bd3 75. Ka3 Bxe2 1/2-1/2

[Event "Early-Titled-Tuesday-Blitz-May-28-2024"]
[Site "Chess.com"]
[Date "2024.05.28"]
[Round "8"]
[White "NewBornNow"]
[Black "Bob_2004"]
[Result "0-1"]
[WhiteElo "2796"]
[BlackElo "2544"]
[TimeControl "180+1"]
[EndTime "9:31:45 PDT"]
[Termination "Bob_2004 won by resignation"]

1. e4 c5 2. Nf3 Nf6 3. Nc3 d5 4.
exd5 Nxd5 5. Bc4 Nb6 6. Bb5+ Bd7 7. a4 Nc6 8. a5 Nc8 9. a6 b6 10. O-O Nd6 11. Bxc6 Bxc6 12. Ne5 Qc7 13. d4 cxd4 14. Qxd4 e6 15. Bf4 f6 16. Nxc6 Qxc6 17. Rfe1 Kf7 18.
Bg3 Nf5 19. Qg4 h5 20. Qa4 Qxa4 21. Rxa4 Bc5 22. Nb5 e5 23. b4 Nd4 24. bxc5 Nxb5 25. cxb6 axb6 26. f3 Rhc8 27. Bf2 Rxc2 28. h4 Nc3 29.
Raa1 b5 30. a7 b4 31. Kf1 b3 32. Ra3 b2 33. Rb3 b1=Q 34. Rexb1 Nxb1 35. Rxb1 Rxf2+ 36. Kxf2 Rxa7 37. Rb2 Kg6 38. g3 Kf5 39. Kg2 Ra1 40.
Rc2 Rd1 41. Rb2 Rc1 42. Ra2 Rc5 43. Rb2 Ra5 44. Rc2 Ke6 45. Rd2 Ra7 46. Re2 Rd7 47.
Rc2 Rd4 48. Re2 Kd5 49. Ra2 Ke6 50. Rb2 g6 51. Ra2 Kf5 52. Rb2 Rc4 53. Ra2 Rb4 54. Rc2 g5 55. hxg5 Kxg5 56. Rd2 Kf5 57. Rd8 Rb2+ 58.
Kg1 h4 59. gxh4 Kf4 60. Rd3 Kg3 61. Kf1 Rh2 62. Ke1 Rxh4 63. Ke2 Rh2+ 64. Ke3 f5 65.
Rd5 f4+ 66. Kd3 Kxf3 67. Rxe5 Rh8 68. Rf5 Rd8+ 69. Kc2 Kg3 70. Rg5+ Kf2 71. Rf5 f3 0-1

[Event "Early-Titled-Tuesday-Blitz-May-28-2024"]
[Site "Chess.com"]
[Date "2024.05.28"]
[Round "8"]
[White "NikFil2013"]
[Black "TatjanaVasilevich"]
[Result "1/2-1/2"]
[WhiteElo "2470"]
[BlackElo "2587"]
[TimeControl "180+1"]
[EndTime "9:31:47 PDT"]
[Termination "Game drawn by stalemate"]

1. d4 Nf6 2. c4 e6 3. Nc3 Bb4 4.
e3 O-O 5. Bd3 c5 6. Nf3 cxd4 7.
exd4 d5 8. O-O dxc4 9. Bxc4 Bxc3 10. bxc3 Qc7 11. Qe2 b6 12. Bg5 Nbd7 13. Ne5 Bb7 14.
Rac1 Nxe5 15. dxe5 Ne4 16. Bf4 Rac8 17. Bd3 Nxc3 18.
Qh5 g6 19. Qh6 Qc5 20. Rfe1 Qd5 21. Bf1 Ne4 22. f3 Rxc1 23. fxe4 Qc5+ 24. Be3 Rxe1 25. Bxc5 bxc5 26. Qd2 Rxe4 27. Qc3 Bd5 28. Bd3 Rd4 29. Be2 Re4 30. Bf3 Rd4 31. Qxc5 Ra4 32. Bxd5 exd5 33. Qxd5 Re8 34. Qd7 Rxe5 35. Qxa4 a5 36. Qd7 h5 37. Kf2 Kg7 38. Qd8 Rf5+ 39. Kg1 Re5 40. Qd4 Kf6 41.
a4 Ke6 42. Qb6+ Ke7 43. Qc7+ Ke6 44. h3 Rf5 45. Qc8+ Ke7 46. Qc7+ Ke6 47. g4 hxg4 48.
hxg4 Re5 49. Qc6+ Ke7 50. Qb6 f6 51. Kg2 Kf7 52. Kg3 Ke7 53. Qc7+ Ke6 54. Qc6+ Ke7 55. Qb7+ Ke6 56. Qb3+ Ke7 57. Kf4 Kd6 58. Qb6+ Ke7 59.
g5 Rxg5 60. Qc7+ Ke6 61. Qc6+ Kf7 62. Qd7+ Kg8 63. Qe8+ Kg7 64. Qe7+ Kg8 65. Qe8+ Kg7 66. Qe7+ Kh6 67. Qxf6 Rf5+ 68. Qxf5 gxf5 69. Kxf5 Kh5 70. Ke5 Kg5 71. Kd5 Kf5 72. Kc5 Ke5 73. Kb5 Kd5 74. Kxa5 Kc5 75. Ka6 Kc6 76. a5 Kc7 77. Ka7 Kc8 78. Ka8 Kc7 79. a6 Kc8 80. a7 Kc7 1/2-1/2

[Event "Early-Titled-Tuesday-Blitz-May-28-2024"]
[Site "Chess.com"]
[Date "2024.05.28"]
[Round "8"]
[White "Muracle"]
[Black "Smiechu"]
[Result "1/2-1/2"]
[WhiteElo "2580"]
[BlackElo "2453"]
[TimeControl "180+1"]
[EndTime "9:31:48 PDT"]
[Termination "Game drawn by repetition"]

1. d4 Nf6 2. Nf3 c5 3. d5 e6 4. c4 exd5 5. cxd5 d6 6. Nc3 g6 7. g3 Bg7 8. Bg2 O-O 9. O-O Re8 10. Nd2 Nbd7 11. Nc4 Ne5 12. Nxe5 Rxe5 13. e4 a6 14. a4 Rb8 15. h3 b5 16. axb5 axb5 17.
f4 Re8 18. e5 Nd7 19. e6 Nf6 20. f5 gxf5 21. Ra7 fxe6 22. dxe6 Bxe6 23. Bg5 Qb6 24. Rxg7+ Kxg7 25. g4 c4+ 26. Kh1 Ne4 27. Nxe4 fxe4 28. Qd2 Kg8 29. Bh6 Qc5 30. Rf5 Bxf5 31.
gxf5 Qxf5 32. Qxd6 Qe6 33. Qf4 Rf8 34. Qg5+ Qg6 35.
Qd5+ Kh8 36. Be3 h6 37. Bxe4 Qg7 38. Bd4 Rg8 39. Bxg7+ Rxg7 40. Qe5 Rg8 41. Bf5 h5 42.
Bg4 hxg4 43. Qh5+ Rh7 44. Qe5+ Rgg7 45. Qe8+ Rg8 46. Qe5+ Rhg7 47. hxg4 Rf8 48. Qh5+ Kg8 49. Qd5+ Rgf7 50. Qxb5 Kg7 51. Qe5+ Rf6 52. Qc7+ Kg6 53. Qxc4 Rf4 54. Qe6+ Kg5 55. Qe7+ R8f6 56. Qg7+ Kh4 57. Qh6+ Kg3 58. Qh2+ Kxg4 59. Qg2+ Kf5 60. Qd5+ Kg4 61. Qg2+ Kh5 62. Qe2+ Rg4 63. Qe8+ Kg5 64. Qe5+ Rf5 65. Qg7+ Kf4 66. Qd4+ Kg5 67. Qg7+ Kf4 68. Qd4+ Kg3 69. Qg1+ Kh4 70. Qe1+ Rg3 71. Qe4+ Kg5 72. Qe7+ Kf4 73. Qd6+ Kg4 74. Qg6+ Rg5 75. Qe4+ Kh5 76. Qh7+ Kg4 77. Qe4+ Kh3 78. Qh7+ Kg4 79. Qe4+ 1/2-1/2

[Event "Early-Titled-Tuesday-Blitz-May-28-2024"]
[Site "Chess.com"]
[Date "2024.05.28"]
[Round "8"]
[White "chess_sharparchitect"]
[Black "Pertinhez76"]
[Result "0-1"]
[WhiteElo "2362"]
[BlackElo "2278"]
[TimeControl "180+1"]
[EndTime "9:31:52 PDT"]
[Termination "Pertinhez76 won on time"]

1. c4 e5 2. Nc3 Nf6 3. Nf3 Nc6 4. e3 Bb4 5. Nd5 a5 6. a3 Bd6 7. d4 O-O 8. Nxf6+ Qxf6 9. c5 Be7 10. Bd3 d5 11. cxd6 Bxd6 12. d5 Ne7 13. e4 h6 14.
h3 Ng6 15. g3 c6 16. dxc6 bxc6 17. Be3 Rd8 18. Qe2 Rb8 19. Bc4 Be6 20. b3 a4 21.
Bxe6 Qxe6 22. bxa4 Rb3 23. h4 Ra8 24. O-O Rxa4 25.
Rfc1 Bf8 26. Kg2 Rxe4 27. Qc2 Ra4 28. Qxc6 Qxc6 29. Rxc6 Rbxa3 30. Rxa3 Bxa3 31. Rc8+ Kh7 32. Nd2 Bb2 33. Rc7 Kg8 34. Nf3 Ra8 35. Rb7 Ba1 36. Rc7 f6 37. Rb7 Nf8 38. Nd2 Ne6 39. Ne4 Bd4 40. Bxd4 Nxd4 41. g4 Rf8 42. f3 Rf7 43.
Rb8+ Kh7 44. Nd6 Rd7 45. Nf5 Nxf5 46. gxf5 Rd4 47. Kg3 Rf4 48. Rb7 Rxf5 49. Kg4 h5+ 50. Kg3 Kg6 51. Rc7 Rf4 52. Rb7 Rd4 53. Rb6 Rd8 54. Ra6 Rg8 55. Rb6 Kf5 56. Rb4 g5 57. hxg5 Rxg5+ 58. Kf2 Rg6 59. Ra4 Rh6 60.
Rh4 Kg5 61. Rh1 f5 62. Kg3 h4+ 63. Kh3 Kf4 64. Rf1 Rh5 65. Re1 e4 66. fxe4 fxe4 67.
Rf1+ Ke3 68. Rf8 Ke2 69. Re8 e3 70. Re7 Rh8 71. Re6 Kf2 72. Rf6+ Ke1 73. Re6 e2 74. Re7 Rf8 75. Kxh4 Kf2 0-1

[Event "Early-Titled-Tuesday-Blitz-May-28-2024"]
[Site "Chess.com"]
[Date "2024.05.28"]
[Round "8"]
[White "Msb2"]
[Black "platy3"]
[Result "1/2-1/2"]
[WhiteElo "3040"]
[BlackElo "2882"]
[TimeControl "180+1"]
[EndTime "9:31:53 PDT"]
[Termination "Game drawn - insufficient material"]

1. d4 Nf6 2. c4 e6 3. Nc3 Bb4 4. e3 O-O 5. Bd2 c5 6. a3 Bxc3 7. Bxc3 b6 8. Bd3 Bb7 9. Nf3 cxd4 10. Nxd4 d6 11. O-O a6 12. Rc1 Nbd7 13. b4 Rc8 14. Bb2 Qe7 15. Be2 Rc7 16. h3 Rfc8 17. Qb3 h6 18.
Rfd1 Ne5 19. Kh2 Ne4 20. f3 Nf6 21. Rc2 d5 22. Rdc1 dxc4 23. Bxc4 Nxc4 24. Rxc4 Bd5 25. Rxc7 Rxc7 26. Qd1 Bc4 27. e4 b5 28. Qe1 Rd7 29.
Qg3 Nh5 30. Qb8+ Kh7 31. Qe5 Qg5 32. Qxg5 hxg5 33. a4 Nf4 34. axb5 axb5 35. Bc3 f6 36. e5 Nd3 37. Ra1 Nxe5 38. Ra5 Ng6 39. Nxb5 Rd3 40.
Be1 Re3 41. Bf2 Re2 42. Kg1 Nf4 43. Nd4 Rb2 44. Rc5 Bd5 45. Rc2 Rxb4 46. Ne2 Nd3 47. Bg3 Rb1+ 48. Kh2 Nb4 49. Rd2 Rb3 50. Nd4 Rc3 51. Be1 Rc4 52. Bg3 Na6 53. Nb5 Nc5 54.
Nd6 Rc1 55. Bf2 Nb3 56. Rd3 Rc2 57. Be3 Nc1 58. Rd2 Rxd2 59. Bxd2 Nd3 60. Nb5 Kg6 61. Nc3 Bc6 62. Kg3 e5 63. h4 gxh4+ 64. Kxh4 Kf5 65. Kg3 g5 66. Nd1 Ke6 67. Ne3 Nf4 68. Kf2 Nd3+ 69. Ke2 Nc5 70. g3 Nd7 71. Bc3 Nb6 72. Kf2 Na4 73.
Ba1 Nc5 74. Bc3 f5 75. Nc4 Nd7 76. f4 exf4 77. gxf4 g4 78. Ne5 Nb8 79. Bd4 Be4 80. Kg3 Na6 81. Nxg4 fxg4 82. Kxg4 Bf5+ 83. Kg3 Nc7 84.
Be5 Nd5 85. Kf2 Ne7 86. Kf3 Ng6 87. Ke3 Ne7 88. Kd4 Nd5 89. Kc4 Nxf4 90. Bxf4 1/2-1/2

[Event "Early-Titled-Tuesday-Blitz-May-28-2024"]
[Site "Chess.com"]
[Date "2024.05.28"]
[Round "8"]
[White "vi_pranav"]
[Black "Grischuk"]
[Result "1/2-1/2"]
[WhiteElo "3052"]
[BlackElo "3122"]
[TimeControl "180+1"]
[EndTime "9:31:55 PDT"]
[Termination "Game drawn - insufficient material"]

1. e4 e5 2. Nc3 Nf6 3. Bc4 Nxe4 4. Qh5 Nd6 5. Qxe5+ Qe7 6. Qxe7+ Bxe7 7. Be2 Nf5 8.
Nf3 c6 9. g4 Nh4 10. Nxh4 Bxh4 11. Ne4 Be7 12. d4 d5 13. Ng3 Bh4 14. Bf4 Be6 15.
O-O-O g6 16. f3 Nd7 17. Bd3 O-O-O 18. Ne2 h5 19. h3 Rde8 20. Bd2 Nf8 21. Nf4 Bd7 22.
Ng2 Bf2 23. c3 Ne6 24. Rdf1 Bg3 25. f4 Ng7 26. f5 gxf5 27. gxf5 h4 28. Bg5 Rh5 29.
Bf6 Bxf5 30. Nf4 Bxd3 31. Nxd3 Nf5 32. Kd2 Nd6 33. Kd1 Ne4 34. Rhg1 Re6 35. Be5 f6 36. Bf4 Re8 37. Be3 b6 38. Bc1 Kd7 39. a4 a5 40. Nf4 Rf5 41. Nd3 Rxf1+ 42. Rxf1 Rg8 43. Kc2 Bd6 44. Bf4 Rg2+ 45. Kc1 Bxf4+ 46. Nxf4 Rf2 47. Rxf2 Nxf2 48. Kd2 Ne4+ 49. Ke3 Ng5 50. Kf2 b5 51. axb5 cxb5 52. Nxd5 Nxh3+ 53. Kg2 Ng5 54. Nxf6+ Ke6 55. Ng4 Kd5 56. Nf6+ Kc4 57. d5 a4 58. d6 Nf7 59. d7 Nd8 60. Ne4 Kb3 61. Nd6 Kxb2 62.
Nxb5 Kb3 63. Kh3 Kc4 64. Na3+ Kxc3 65. Kxh4 Kb3 66. Nb1 Kb2 67. Nd2 Kc3 68. Nb1+ Kd4 69. Kg5 Ke5 70. Na3 Kd6 71. Kf5 Kxd7 72. Ke5 Kc6 73. Kd4 Kb6 74. Kc4 Ka5 75. Kc3 Nc6 76. Nc4+ Kb5 77. Nb2 a3 78. Kb3 axb2 79. Kxb2 1/2-1/2

[Event "Early-Titled-Tuesday-Blitz-May-28-2024"]
[Site "Chess.com"]
[Date "2024.05.28"]
[Round "8"]
[White "chessdjw"]
[Black "OparinGrigoriy"]
[Result "0-1"]
[WhiteElo "2789"]
[BlackElo "3043"]
[TimeControl "180+1"]
[EndTime "9:31:59 PDT"]
[Termination "OparinGrigoriy won by resignation"]

1. e4 c5 2. Nf3 Nc6 3. Bb5 e5 4. c3 a6 5. Ba4 b5 6. Bc2 Nf6 7. O-O Be7 8. d4 d6 9. d5 Na5 10. Nbd2 O-O 11. b4 Nb7 12. a4 Bd7 13. Re1 a5 14. axb5 axb4 15. Rxa8 Qxa8 16. c4 Na5 17. Bd3 Qb7 18. Bb2 Ra8 19. Qc2 Bg4 20. h3 Bxf3 21. Nxf3 Nd7 22. Ra1 Ra7 23. g3 Qa8 24. Kg2 Nb6 25.
h4 h5 26. Nd2 g6 27. Rf1 Nd7 28. f4 Qe8 29. f5 g5 30. hxg5 Bxg5 31. Nf3 Bh6 32. Rh1 Nf6 33. Qd1 Kf8 34. Bc1 Bxc1 35. Qxc1 Ke7 36. Qg5 Qh8 37. g4 Nb3 38. Rxh5 Qg8 39.
Qxg8 Nxg8 40. g5 Nc1 41. Bb1 Ra1 42. Nd2 b3 43. Rh8 Kf8 44. f6 b2 45. Kf2 Nb3 46.
b6 Na5 47. Ke2 Nb7 48. Kd3 Ra6 49. Kc3 Rxb6 50. Nb3 Rb4 51. Bd3 Rb6 52. Bc2 Rb4 53. Kxb2 Na5 54. Kc3 Nxc4 55. Bd1 Na3 56. Bg4 Nb5+ 57.
Kc2 c4 58. Bf5 Rxb3 59. Bh7 Ke8 60. Rxg8+ Kd7 61. Bf5+ Kc7 62. g6 Nd4+ 63. Kc1 Rc3+ 64. Kb2 Rb3+ 65. Ka2 fxg6 66. Rc8+ Kb6 67. f7 Nb5 68.
Rxc4 Ra3+ 69. Kb2 Ra8 70. Rc6+ Ka5 71. Bxg6 Kb4 72. Kc2 Nd4+ 73. Kd3 Nxc6 74. dxc6 Kc5 75. Bf5 Kxc6 76. Kc4 Rb8 77. Be6 Rf8 78. Bd5+ Kd7 79.
Kb5 Rc8 80. Kb6 Ke7 81. Kb7 Rc5 82. Kb6 Rxd5 83. exd5 e4 84. Kc7 e3 85. f8=Q+ Kxf8 86. Kxd6 e2 87. Kc7 e1=Q 88. d6 Qc3+ 89. Kd8 Qd4 90.
d7 Kf7 91. Kc8 Ke7 92. Kb8 Qxd7 0-1

[Event "Early-Titled-Tuesday-Blitz-May-28-2024"]
[Site "Chess.com"]
[Date "2024.05.28"]
[Round "8"]
[White "Grebeniuk-S"]
[Black "alex1531"]
[Result "1/2-1/2"]
[WhiteElo "2641"]
[BlackElo "2448"]
[TimeControl "180+1"]
[EndTime "9:32:03 PDT"]
[Termination "Game drawn - insufficient material"]

1. d4 f5 2. g3 Nf6 3. Bg2 d6 4.
Nh3 g6 5. Nc3 Bg7 6. d5 O-O 7.
Nf4 c6 8. h4 cxd5 9. Ncxd5 e6 10. Nxf6+ Bxf6 11. O-O Nc6 12. c3 d5 13. Qb3 Kg7 14.
Rd1 Qe7 15. Be3 b6 16. Bd4 Nxd4 17. cxd4 Ba6 18. Rac1 Rfc8 19. Qa4 Bb7 20. e3 Rxc1 21. Rxc1 Rc8 22. Rxc8 Bxc8 23. Qc6 Qd7 24. Qxd7+ Bxd7 25.
Bf1 Kf8 26. f3 Ke7 27. Kf2 Kd6 28. Nd3 Bb5 29. f4 Bxd3 30. Bxd3 Be7 31. Bb5 Bf8 32. Ke2 Ke7 33. Kd3 Kd6 34. Kc3 Be7 35. Kb3 Bd8 36. Ka4 Ke7 37. Bd3 Kd6 38. Kb5 Kc7 39.
Ka6 Kb8 40. Bb5 h6 41. Bd7 g5 42. hxg5 hxg5 43. Bxe6 gxf4 44. gxf4 Bh4 45. Bxf5 Bf2 46. Be6 Bxe3 47. f5 Bxd4 48. b3 Bf6 49. Bxd5 Be5 50. Be6 Bf6 51. a4 Be5 52. Kb5 Kc7 53. Ka6 Kb8 54.
Bd5 Bf6 55. Be4 Be5 56. Kb5 Kc7 57. Ka6 Kb8 58. Bd3 Bf6 59. a5 bxa5 60. Kxa5 Kc7 61. Ka6 Bd4 62. Bc4 Kd6 63. Be6 Kc7 64. Kb5 Kd6 65. Kc4 Bf6 66. Kd3 Ke7 67. Ke4 Kd6 68.
Bc8 Be5 69. Kf3 Bf6 70. Kg4 Ke7 71. Kh5 Be5 72. Kg6 Bf6 73. Be6 Be5 74. Kg5 Bf6+ 75.
Kf4 Kd6 76. Ke4 Be5 77. Kd3 Kc5 78. Bg8 Bf6 79. Ke4 Kd6 80. b4 Bc3 81. b5 Bf6 82. Be6 Kc5 83. Bd7 Kd6 84. Bc6 a6 85. bxa6 Kxc6 86.
Kf4 Kb6 87. Kg4 Kxa6 88. Kh5 Kb6 89. Kg6 Ba1 90. f6 Bxf6 1/2-1/2

[Event "Early-Titled-Tuesday-Blitz-May-28-2024"]
[Site "Chess.com"]
[Date "2024.05.28"]
[Round "8"]
[White "crescentmoon2411"]
[Black "mishanick"]
[Result "1-0"]
[WhiteElo "2904"]
[BlackElo "3035"]
[TimeControl "180+1"]
[EndTime "9:32:05 PDT"]
[Termination "crescentmoon2411 won on time"]

1. d4 Nf6 2. Nf3 d5 3. Bf4 c5 4. e3 Nc6 5. Nbd2 Qb6 6. dxc5 Qxb2 7. Rb1 Qa3 8. Bb5 g6 9. Nd4 Qxc5 10. N2b3 Qc3+ 11.
Qd2 Qxd2+ 12. Nxd2 Bd7 13. Bxc6 bxc6 14. Be5 c5 15. Nb5 Bxb5 16. Rxb5 Bg7 17. Rxc5 O-O 18. Bxf6 Bxf6 19. Rxd5 Rfc8 20. Kd1 Rc6 21. Nb3 Rac8 22. Re1 Ra6 23. Nc1 Bb2 24. Re2 Bxc1 25. Kxc1 Rxa2 26.
Red2 Rc6 27. Rb5 Kg7 28. Kb1 Ra4 29. Rb7 Re6 30. Rdd7 Rf6 31. f3 Rh4 32. h3 Rh5 33. Rxa7 Rg5 34. Rd2 Rb6+ 35. Kc1 Rgb5 36. Rdd7 Rb1+ 37.
Kd2 Rg1 38. g4 Rg3 39. Rxe7 Rxf3 40. c4 Rbf6 41. g5 R6f5 42. h4 h6 43. gxh6+ Kxh6 44. Rac7 Rh3 45. Re4 Rh1 46. c5 Rf2+ 47. Kc3 Rc1+ 48.
Kd4 Rf5 49. Rf4 Rd1+ 50. Ke4 Rh5 51. Rfxf7 Rxh4+ 52. Ke5 Rc4 53. e4 Kg5 54. Rfe7 Rd2 55. Re6 Re2 56. Kd5 Rcc2 57. Rg7 Red2+ 58. Kc6 Kf4 59.
Rgxg6 Ra2 60. Rgf6+ Ke3 61. Rd6 Rdb2 62. Kd5 Ra5 63.
Rc6 Rd2+ 64. Ke5 Rd4 65. Rf4 Rd8 66. Rh4 Re8+ 67. Kd5 Rd8+ 68. Rd6 Rc8 69. Rh3+ Kd2 70. Rc6 Rd8+ 71. Rd6 Rc8 72. Ke6+ Ke2 73. c6 Rc7 74.
Rc3 Rb5 75. Rd7 Rc8 76. c7 Rh5 77. Rd8 Rh6+ 78. Kf5 Rh5+ 79. Kg4 1-0

[Event "Early-Titled-Tuesday-Blitz-May-28-2024"]
[Site "Chess.com"]
[Date "2024.05.28"]
[Round "8"]
[White "Matsanovic"]
[Black "Aygehovit1992"]
[Result "0-1"]
[WhiteElo "2626"]
[BlackElo "2829"]
[TimeControl "180+1"]
[EndTime "9:32:13 PDT"]
[Termination "Aygehovit1992 won by resignation"]

1. e4 c5 2. Nf3 e6 3. Qe2 Nc6 4. g3 e5 5. c3 Nf6 6. Bg2 Be7 7.
O-O O-O 8. d3 Re8 9. a3 d5 10.
b4 dxe4 11. dxe4 h6 12. Rd1 Qc7 13. Nbd2 Be6 14. Bb2 Rad8 15. b5 Na5 16. c4 Nd7 17. Bc3 Bf6 18. h4 Bg4 19. Kh2 Nf8 20. Bh3 Bxh3 21. Kxh3 Ne6 22. Kg2 Nd4 23. Nxd4 exd4 24. Bxa5 Qxa5 25. Qd3 Qc3 26. Nb3 b6 27. f3 g6 28. Rac1 Qxd3 29. Rxd3 h5 30. Re1 Re7 31. f4 Bg7 32. Kf3 a6 33. a4 axb5 34. axb5 Ra8 35. Ra1 Rxa1 36. Nxa1 Ra7 37. Nb3 f6 38. Nd2 Kf7 39. Ke2 Ke6 40. Rb3 Ra1 41. Rb1 Ra2 42. Kd3 g5 43. hxg5 fxg5 44. fxg5 Be5 45. Rg1 Ra3+ 46.
Ke2 Re3+ 47. Kf2 Rc3 48. Ke2 Kf7 49. Rf1+ Kg6 50. Rf3 Rc2 51. Rf5 Bxg3 52. Kd3 Rc3+ 53. Ke2 Re3+ 54. Kd1 h4 55. Nf1 Rd3+ 56. Ke2 Rc3 57. Nd2 h3 58. Nf3 h2 59. Rf6+ Kh5 60.
Rh6+ Kg4 61. Nxh2+ Bxh2 62. g6 Be5 63. g7 Bxg7 64.
Rg6+ Kf4 65. Rxg7 Rc2+ 66. Kd3 Rc3+ 67. Kd2 Rxc4 68. Rc7 Kxe4 69. Rb7 Rb4 70. Rxb6 Kd5 71. Rb8 c4 72. b6 Kc6 73. Rc8+ Kxb6 74. Rd8 Kc5 75.
Rc8+ Kb5 76. Rd8 Rb2+ 77. Kc1 Rg2 78. Rxd4 Kb4 79. Rd8 Kc3 80. Kb1 Rg1+ 81. Ka2 Kc2 82. Rf8 c3 83. Rf2+ Kd3 84. Kb3 Rb1+ 85. Ka2 c2 86. Rf3+ Ke4 87. Rc3 c1=Q 88. Rxc1 Rxc1 0-1

[Event "Early-Titled-Tuesday-Blitz-May-28-2024"]
[Site "Chess.com"]
[Date "2024.05.28"]
[Round "8"]
[White "Naruto75_3"]
[Black "LeoLV10"]
[Result "0-1"]
[WhiteElo "2405"]
[BlackElo "2569"]
[TimeControl "180+1"]
[EndTime "9:32:15 PDT"]
[Termination "LeoLV10 won on time"]

1. d4 Nf6 2. c4 e6 3. Nc3 c5 4.
d5 exd5 5. cxd5 d6 6. e4 g6 7. h3 Bg7 8. Nf3 O-O 9. Bd3 b5 10.
Bxb5 Nxe4 11. Nxe4 Qa5+ 12. Nfd2 Qxb5 13. Nxd6 Qa6 14. N2c4 Rd8 15. O-O Rxd6 16. Nxd6 Qxd6 17. Qf3 Nd7 18. Bf4 Ne5 19. Qb3 Rb8 20. Qa3 Bd7 21. Rad1 Re8 22. Rfe1 a6 23. Rc1 Rc8 24. Qg3 f6 25.
Red1 Qb6 26. b3 Nf7 27. Be3 f5 28. f4 Bf8 29. Qf2 Qa5 30. Rc2 Nd6 31. Rdc1 Ne4 32. Qf3 Qb5 33. Qd1 Bd6 34. Rc4 Qb7 35. R4c2 Re8 36. Re2 Bb5 37. Re1 a5 38. Qc2 Qxd5 39.
Rcd1 Qe6 40. Bc1 Bf8 41. Bb2 Bc6 42. Re3 Bh6 43. g3 Qf7 44. Rde1 Bg7 45. Bxg7 Qxg7 46. g4 Qd4 47. gxf5 gxf5 48. Kh2 Kf7 49. Qe2 Qg7 50. Rg1 Qh6 51. Qc4+ Kf6 52. Rf3 Qf8 53. Qc1 Qd6 54. Qb2+ Qd4 55. Qg2 Ke6 56. Rff1 Qd3 57.
Rf3 Qd2 58. Qxd2 Nxd2 59. Re3+ Ne4 60. Rc1 Kd6 61. Rd1+ Kc7 62. Red3 Nf6 63. Rg1 Re7 64. Kg3 Be4 65. Rc3 Kb6 66. Kh4 Nd5 67. Rc4 Nxf4 68. Rb1 Ng6+ 69. Kg5 Ne5 70. Rbc1 Nxc4 71. Rxc4 Rg7+ 72. Kf6 Rg3 73. h4 Rg6+ 74. Kf7 Rh6 75. Kg7 Rxh4 76. Kf6 Rg4 77. Ke5 h5 0-1